XFBL
SAN DIEGO PADRES @ ST. LOUIS CARDINALS
03/10/1982
 
TOP OF THE 1ST
San Diego Padres batting - Pitching for St. Louis Cardinals : LHP Bob Buchanan
Pitching: LHP Bob Buchanan
Batting: RHB Bob Dernier 0-0: Foul Ball, location: 2F
0-1: Ball
1-1: Ground out 5-3 (Groundball, 5, EV 83.8 MPH)
Batting: LHB Tom Dunbar 0-0: Foul Ball, location: 2F
0-1: Foul Ball, location: 2F
0-2: Foul Ball, location: 2F
0-2: Strikes out swinging
Batting: RHB Dennis Dungy 0-0: Ball
1-0: Foul Ball, location: 2F
1-1: Ball
2-1: Ball
3-1: Base on Balls
Batting: LHB Darrell Porter 0-0: Ball
1-0: SINGLE (Line Drive, 78S, EV 100.0 MPH)
Dennis Dungy to second
Runner from 2nd tries for 3rd, SAFE, no throw by LF
Batting: RHB Heriberto Soltero 0-0: Swinging Strike
0-1: Ball
1-1: Fly out, F7 (Line Drive, 7D, EV 85.6 MPH)
Top of the 1st over - 0 runs, 1 hit, 0 errors, 2 left on base; San Diego 0 - St. Louis 0
BOTTOM OF THE 1ST
St. Louis Cardinals batting - Pitching for San Diego Padres : RHP Skip Lockwood
Pitching: RHP Skip Lockwood
Batting: SHB Otis Nixon 0-0: SINGLE (Groundball, 4MS, EV 74.4 MPH) (infield hit)
Batting: LHB Mike Davis 0-0: Ball
1-0: Fly out, F6 (Line Drive, 6, EV 69.4 MPH)
Batting: RHB Joe Torre 0-0: Ball
1-0: Ball
2-0: Ball
3-0: Called Strike
3-1: Foul Ball, location: 2F
3-2: SINGLE (Flyball, 8RS, EV 90.6 MPH)
Otis Nixon to second
Otis Nixon to third
Batting: LHB Pat Putnam 0-0: Fly out, F8 (Flyball, 8LS, EV 95.0 MPH)
Runner from 3rd tags up, SCORES, throw by CF
Batting: RHB Craig Stimac 0-0: Foul Ball, location: 2F
0-1: Foul Ball, location: 2F
0-2: Ball
1-2: Ball
2-2: Foul Ball, location: 2F
2-2: Fielders Choice at 2nd, 5-4 (Groundball, 5, EV 86.9 MPH)
Bottom of the 1st over - 1 run, 2 hits, 0 errors, 1 left on base; San Diego 0 - St. Louis 1
TOP OF THE 2ND
San Diego Padres batting - Pitching for St. Louis Cardinals : LHP Bob Buchanan
Batting: RHB Mike Calise 0-0: Ball
1-0: Ball
2-0: Ball
3-0: Base on Balls
Batting: RHB Kelvin Moore 0-0: Called Strike
0-1: Foul Ball, location: 2F
0-2: Ball
1-2: Fly out, F7 (Flyball, 7S, EV 93.1 MPH)
Batting: LHB Jeffrey Zitek 0-0: Called Strike
0-1: Foul Ball, location: 2F
0-2: Foul Ball, location: 2F
0-2: Ball
1-2: Foul Ball, location: 2F
1-2: Foul Ball, location: 2F
1-2: Strikes out swinging
Batting: RHB Skip Lockwood 0-0: Ground out 5-3 (Groundball, 56S, EV 85.0 MPH)
Top of the 2nd over - 0 runs, 0 hits, 0 errors, 1 left on base; San Diego 0 - St. Louis 1
BOTTOM OF THE 2ND
St. Louis Cardinals batting - Pitching for San Diego Padres : RHP Skip Lockwood
Batting: RHB Bob E Johnson 0-0: Swinging Strike
0-1: Swinging Strike
0-2: Ball
1-2: Ball
2-2: Foul Ball, location: 2F
2-2: Strikes out swinging
Batting: RHB Don Ruzek 0-0: Ball
1-0: Called Strike
1-1: Foul Ball, location: 2F
1-2: Strikes out looking
Batting: RHB Onix Concepcion 0-0: Called Strike
0-1: Ball
1-1: SINGLE (Groundball, 6MD, EV 106.9 MPH) (infield hit)
Batting: LHB Bob Buchanan 0-0: Called Strike
0-1: Ball
1-1: Fly out, F8 (Line Drive, 8LD, EV 101.3 MPH)
Bottom of the 2nd over - 0 runs, 1 hit, 0 errors, 1 left on base; San Diego 0 - St. Louis 1
TOP OF THE 3RD
San Diego Padres batting - Pitching for St. Louis Cardinals : LHP Bob Buchanan
Batting: RHB Bob Dernier 0-0: Foul Ball, location: 2F
0-1: Called Strike
0-2: Ground out 3-1 (Groundball, 34, EV 86.9 MPH)
Batting: LHB Tom Dunbar 0-0: Ball
1-0: SINGLE (Line Drive, 89M, EV 93.1 MPH)
Batting: RHB Dennis Dungy 0-0: Ball
1-0: Ball
2-0: Ball
3-0: Base on Balls
Tom Dunbar to second
Batting: LHB Darrell Porter 0-0: Ball
1-0: Called Strike
1-1: Ball
2-1: Ball
3-1: SINGLE (Line Drive, 8LS, EV 91.3 MPH)
Tom Dunbar to third
Dennis Dungy to second
Runner from 3rd tries for Home, SAFE, throw by CF to home
Batting: RHB Heriberto Soltero 0-0: Called Strike
Dennis Dungy steals 3rd base (no throw)
0-1: SINGLE (Flyball, 3D, EV 98.8 MPH)
Dennis Dungy scores
Darrell Porter to second
Batting: RHB Mike Calise 0-0: Ball
1-0: Ball
2-0: Called Strike
2-1: SINGLE (Groundball, 5S, EV 73.1 MPH) (infield hit)
Darrell Porter to third
Heriberto Soltero to second
Batting: RHB Kelvin Moore 0-0: Fly out, F8 (Flyball, 8LXD, EV 92.5 MPH)
Runner from 3rd tags up, SCORES, no throw by CF
Batting: LHB Jeffrey Zitek 0-0: Foul Ball, location: 2F
0-1: Ball
1-1: Called Strike
1-2: Fielders Choice at 2nd, 6-4 (Groundball, 6, EV 76.9 MPH)
Top of the 3rd over - 3 runs, 4 hits, 0 errors, 2 left on base; San Diego 3 - St. Louis 1
BOTTOM OF THE 3RD
St. Louis Cardinals batting - Pitching for San Diego Padres : RHP Skip Lockwood
Batting: SHB Otis Nixon 0-0: Ball
1-0: Called Strike
1-1: DOUBLE (Line Drive, 89XD, EV 113.1 MPH)
Batting: LHB Mike Davis 0-0: Called Strike
0-1: Foul Ball, location: 2F
0-2: Ball
1-2: Foul Ball, location: 2F
1-2: Ball
2-2: DOUBLE (Line Drive, 78XD, EV 109.4 MPH)
Otis Nixon scores
Batting: RHB Joe Torre 0-0: Ground out U3 (Groundball, 34, EV 87.5 MPH)
Mike Davis to third
Batting: LHB Pat Putnam 0-0: Fly out, F4 (Flyball, 34D, EV 94.4 MPH)
Batting: RHB Craig Stimac 0-0: Ball
1-0: Called Strike
1-1: Foul Ball, location: 2F
1-2: Fly out, F9 (Flyball, 9LS, EV 95.0 MPH)
Bottom of the 3rd over - 1 run, 2 hits, 0 errors, 1 left on base; San Diego 3 - St. Louis 2
TOP OF THE 4TH
San Diego Padres batting - Pitching for St. Louis Cardinals : LHP Bob Buchanan
Batting: RHB Skip Lockwood 0-0: Ball
1-0: Ground out 6-3 (Groundball, 56, EV 105.0 MPH)
Batting: RHB Bob Dernier 0-0: Ball
1-0: Ball
2-0: Ball
3-0: Called Strike
3-1: Base on Balls
Batting: LHB Tom Dunbar 0-0: Ball
1-0: Ball
2-0: Foul Ball, location: 2F
2-1: Called Strike
2-2: Foul Ball, location: 2F
2-2: Strikes out swinging
Batting: RHB Dennis Dungy 0-0: Called Strike
0-1: Ball
1-1: Ball
2-1: Ball
3-1: Swinging Strike
3-2: Base on Balls
Bob Dernier to second
Batting: LHB Darrell Porter 0-0: Called Strike
0-1: Ball
1-1: Fly out, F8 (Flyball, 89XD, EV 88.8 MPH)
Top of the 4th over - 0 runs, 0 hits, 0 errors, 2 left on base; San Diego 3 - St. Louis 2
BOTTOM OF THE 4TH
St. Louis Cardinals batting - Pitching for San Diego Padres : RHP Skip Lockwood
Batting: RHB Bob E Johnson 0-0: Ball
1-0: Ball
2-0: DOUBLE (Line Drive, 9LD, EV 105.6 MPH)
Batting: RHB Don Ruzek 0-0: Fly out, F8 (Flyball, 8RD, EV 105.6 MPH)
Batting: RHB Onix Concepcion 0-0: Foul Ball, location: 2F
0-1: Ground out 4-3 (Groundball, 4M, EV 80.6 MPH)
Bob E Johnson to third
Pinch Hitting: RHB Pascual D'Annunzio 0-0: Ball
1-0: Foul Ball, location: 2F
1-1: Ground out 4-3 (Groundball, 4, EV 98.1 MPH)
Bottom of the 4th over - 0 runs, 1 hit, 0 errors, 1 left on base; San Diego 3 - St. Louis 2
TOP OF THE 5TH
San Diego Padres batting - Pitching for St. Louis Cardinals : LHP Bob Buchanan
Pitching: RHP Karl Best
Batting: RHB Heriberto Soltero 0-0: Called Strike
0-1: Ball
1-1: Ball
2-1: Called Strike
2-2: Ball
3-2: Foul Ball, location: 2F
3-2: Ground out 5-3 (Groundball, 56S, EV 73.8 MPH)
Batting: RHB Mike Calise 0-0: Called Strike
0-1: Called Strike
0-2: Ball
1-2: Strikes out swinging
Batting: RHB Kelvin Moore 0-0: Ball
1-0: Ball
2-0: Fly out, F2 (Popup, 23F, EV 86.9 MPH)
Top of the 5th over - 0 runs, 0 hits, 0 errors, 0 left on base; San Diego 3 - St. Louis 2
BOTTOM OF THE 5TH
St. Louis Cardinals batting - Pitching for San Diego Padres : RHP Skip Lockwood
Pitching: RHP Luis Gutierrez
Batting: SHB Otis Nixon 0-0: Ball
1-0: SINGLE (Groundball, 6MD, EV 106.3 MPH)
Batting: LHB Mike Davis 0-0: Ball
1-0: Ball
2-0: Ball
3-0: Base on Balls
Otis Nixon to second
Batting: RHB Joe Torre 0-0: Fly out, F9 (Flyball, 89S, EV 91.9 MPH)
Batting: LHB Pat Putnam 0-0: Ball
1-0: Ball
2-0: Foul Ball, location: 2F
2-1: Ball
3-1: Base on Balls
Otis Nixon to third
Mike Davis to second
Batting: RHB Craig Stimac 0-0: Foul Ball, location: 2F
0-1: Ball
1-1: SINGLE (Groundball, 4MD, EV 106.3 MPH)
Otis Nixon scores
Mike Davis to third
Pat Putnam to second
Runner from 3rd tries for Home, SAFE, throw by CF to home
Batting: RHB Bob E Johnson 0-0: Called Strike
0-1: Ball
1-1: Ball
2-1: Foul Ball, location: 2F
2-2: Ball
3-2: Foul Ball, location: 2F
3-2: Base on Balls
Pat Putnam to third
Craig Stimac to second
Batting: RHB Don Ruzek 0-0: Ball
1-0: Ball
2-0: Called Strike
2-1: Ball
3-1: Base on Balls
Pat Putnam scores
Craig Stimac to third
Bob E Johnson to second
Batting: RHB Onix Concepcion 0-0: Foul Ball, location: 2F
0-1: Foul Ball, location: 2F
0-2: Ball
1-2: Strikes out looking
Pinch Hitting: LHB Jim Gantner 0-0: Called Strike
0-1: Swinging Strike
0-2: Foul Ball, location: 2F
0-2: Foul Ball, location: 2F
0-2: SINGLE (Line Drive, 89S, EV 106.3 MPH)
Craig Stimac scores
Bob E Johnson to third
Don Ruzek to second
Runner from 3rd tries for Home, SAFE, throw by RF to home
Pitching: LHP Jack W O'Connor
Now in LF: Tommy Curran
Pinch Hitting: LHB Jim Adduci 0-0: Foul Ball, location: 2F
0-1: Ball
1-1: Ball
2-1: Ball
3-1: Ground out 4-3 (Groundball, 4, EV 85.6 MPH)
Bottom of the 5th over - 5 runs, 3 hits, 0 errors, 2 left on base; San Diego 3 - St. Louis 7
TOP OF THE 6TH
San Diego Padres batting - Pitching for St. Louis Cardinals : RHP Karl Best
Pitching: RHP Andy Hawkins
Now in RF: Jim Adduci
Batting: LHB Jeffrey Zitek 0-0: Reached on error, E3 (Groundball, 34, EV 93.8 MPH)
Batting: RHB Tommy Curran 0-0: Called Strike
0-1: Grounds into double play, 4-6-3 (Groundball, 4, EV 83.1 MPH)
Pinch Hitting: RHB Reid Nichols 0-0: Ball
1-0: Ball
2-0: Ground out 4-3 (Groundball, 4, EV 86.9 MPH)
Top of the 6th over - 0 runs, 0 hits, 1 error, 0 left on base; San Diego 3 - St. Louis 7
BOTTOM OF THE 6TH
St. Louis Cardinals batting - Pitching for San Diego Padres : LHP Jack W O'Connor
Now at 2B: Reid Nichols
Pinch Hitting: RHB Mookie Wilson 0-0: Called Strike
0-1: Called Strike
0-2: SINGLE (Groundball, 6S, EV 65.0 MPH) (infield hit)
Pinch Hitting: RHB Victor Rios 0-0: Ball
1-0: Foul Ball, location: 2F
1-1: Ball
2-1: Foul Ball, location: 2F
2-2: Ball
3-2: Fly out, F8 (Line Drive, 8LD, EV 88.8 MPH)
Pinch Hitting: RHB Rob Deer 0-0: Ball
1-0: Ball
2-0: Called Strike
2-1: Ball
3-1: Fielders Choice at 2nd, 6-4 (Groundball, 6, EV 91.9 MPH)
Pinch Hitting: RHB Steve Lubratich 0-0: Called Strike
0-1: Ground out 6-3 (Groundball, 6D, EV 81.9 MPH)
Bottom of the 6th over - 0 runs, 1 hit, 0 errors, 1 left on base; San Diego 3 - St. Louis 7
TOP OF THE 7TH
San Diego Padres batting - Pitching for St. Louis Cardinals : RHP Andy Hawkins
Now at 1B: Victor Rios
Now at 3B: Sixto Lezcano
Now in LF: Rob Deer
Now in CF: Mookie Wilson
Pinch Hitting: LHB Jerry McDonald 0-0: Ball
1-0: Ball
2-0: Called Strike
2-1: Ball
3-1: Swinging Strike
3-2: Ground out 4-3 (Groundball, 34, EV 82.5 MPH)
Pinch Hitting: RHB Salvador Maldonado 0-0: Ball
1-0: Ball
2-0: Called Strike
2-1: Ball
3-1: Base on Balls
Batting: LHB Darrell Porter 0-0: Ball
Salvador Maldonado steals 2nd base
1-0: Fly out, F8 (Flyball, 8LXD, EV 103.8 MPH)
Runner from 2nd tags up, SAFE at 3rd, no throw by CF
Pinch Hitting: RHB Bill Lyons 0-0: Foul Ball, location: 2F
0-1: Foul Ball, location: 2F
0-2: Foul Ball, location: 2F
0-2: Ball
1-2: Ball
2-2: Ball
3-2: Base on Balls
Pinch Hitting: RHB Roberto Hernandez 0-0: Ball
1-0: Ball
2-0: Called Strike
2-1: Fly out, F5 (Flyball, 5D, EV 87.5 MPH)
Top of the 7th over - 0 runs, 0 hits, 0 errors, 2 left on base; San Diego 3 - St. Louis 7
BOTTOM OF THE 7TH
St. Louis Cardinals batting - Pitching for San Diego Padres : LHP Jack W O'Connor
Now at 1B: Bill Lyons
Now at 3B: Salvador Maldonado
Now in CF: Jerry McDonald
Now in RF: Eric Attaway
Batting: RHB Bob E Johnson 0-0: Ball
1-0: Ball
2-0: Called Strike
2-1: Foul Ball, location: 2F
2-2: Ball
3-2: Strikes out looking
Pinch Hitting: SHB Billy E Smith 0-0: Foul Ball, location: 2F
0-1: Fly out, F7 (Flyball, 7, EV 95.6 MPH)
Batting: RHB Onix Concepcion 0-0: Fly out, F9 (Flyball, 9, EV 82.5 MPH)
Bottom of the 7th over - 0 runs, 0 hits, 0 errors, 0 left on base; San Diego 3 - St. Louis 7
TOP OF THE 8TH
San Diego Padres batting - Pitching for St. Louis Cardinals : RHP Andy Hawkins
Now at SS: Billy E Smith
Pinch Hitting: LHB Chris Chambliss 0-0: Ball
1-0: DOUBLE (Line Drive, 8LXD, EV 99.4 MPH)
Pinch Hitting: RHB Dave Edler 0-0: Swinging Strike
0-1: Ball
1-1: Foul Ball, location: 2F
1-2: Ball
2-2: Fly out, F9 (Flyball, 9, EV 88.8 MPH)
Runner from 2nd tags up, SAFE at 3rd with throw by RF
Batting: RHB Tommy Curran 0-0: Foul Ball, location: 2F
0-1: Swinging Strike
0-2: Strikes out swinging
Batting: RHB Reid Nichols 0-0: Called Strike
0-1: Ball
1-1: Ball
2-1: SINGLE (Line Drive, 89S, EV 106.3 MPH)
Chris Chambliss scores
Batting: LHB Jerry McDonald 0-0: Ball
1-0: Called Strike
1-1: Ball
2-1: Called Strike
2-2: Foul Ball, location: 2F
2-2: Foul Ball, location: 2F
2-2: Foul Ball, location: 2F
2-2: Fielders Choice at 2nd, U4 (Groundball, 4M, EV 75.0 MPH)
Top of the 8th over - 1 run, 2 hits, 0 errors, 1 left on base; San Diego 4 - St. Louis 7
BOTTOM OF THE 8TH
St. Louis Cardinals batting - Pitching for San Diego Padres : LHP Jack W O'Connor
Pitching: RHP Craig Eaton
Now at 3B: Dave Edler
Pinch Hitting: LHB Casey Parsons 0-0: Ball
1-0: SINGLE (Flyball, 56D, EV 85.6 MPH)
Batting: LHB Jim Adduci 0-0: Called Strike
0-1: Ball
1-1: Ball
2-1: Ball
3-1: Foul Ball, location: 2F
3-2: DOUBLE (Flyball, 9LM, EV 110.0 MPH)
Casey Parsons to third
Casey Parsons scores
Batting: RHB Mookie Wilson 0-0: Ball
1-0: Called Strike
1-1: Foul Ball, location: 2F
1-2: Ball
2-2: Strikes out looking
Batting: RHB Victor Rios 0-0: Called Strike
0-1: Ball
1-1: Ball
2-1: Ball
3-1: SINGLE (Flyball, 89S, EV 90.6 MPH)
Jim Adduci to third
Runner from 3rd tries for Home, SAFE, throw by RF to home
Batting: RHB Rob Deer 0-0: Ball
1-0: Ball
2-0: Called Strike
2-1: Called Strike
2-2: Ground out 5-3 (Groundball, 56, EV 85.6 MPH)
Victor Rios to second
Batting: RHB Sixto Lezcano 0-0: SINGLE (Line Drive, 89S, EV 91.9 MPH)
Victor Rios to third
Runner from 3rd tries for Home, SAFE, throw by RF to home
Sixto Lezcano to second
Batting: RHB Bob E Johnson 0-0: Ball
1-0: DOUBLE (Flyball, 89D, EV 103.1 MPH)
Sixto Lezcano scores
Pitching: RHP David Sandoval
Batting: SHB Billy E Smith 0-0: Called Strike
0-1: Swinging Strike
0-2: Strikes out swinging
Bottom of the 8th over - 4 runs, 5 hits, 0 errors, 1 left on base; San Diego 4 - St. Louis 11
TOP OF THE 9TH
San Diego Padres batting - Pitching for St. Louis Cardinals : RHP Andy Hawkins
Pitching: RHP Robert Arnold
Batting: RHB Salvador Maldonado 0-0: Called Strike
0-1: Ball
1-1: Ball
2-1: Ball
3-1: Base on Balls
Pinch Hitting: RHB Eddy Martinez 0-0: Swinging Strike
0-1: Ball
1-1: Foul Ball, location: 2F
1-2: Strikes out swinging
Batting: RHB Bill Lyons 0-0: Called Strike
0-1: Swinging Strike
0-2: Ball
1-2: Strikes out looking
Batting: LHB Eric Attaway 0-0: Called Strike
0-1: Ball
1-1: Foul Ball, location: 2F
1-2: Fielders Choice at 2nd, 6-4 (Groundball, 6D, EV 81.3 MPH)
Top of the 9th over - 0 runs, 0 hits, 0 errors, 1 left on base; San Diego 4 - St. Louis 11
Tuesday, July 14th, 2020 - OOTP Baseball 21.4 Build 63